 Dungeon Crawl Stone Soup version 0.17.1-3-g152610e (webtiles) character file.

58818 Gargoyl the Blocker (level 14, -1/124 HPs)
             Began as a Demonspawn Abyssal Knight on Feb 18, 2016.
             Was a High Priest of Lugonu.
             Slain by Peloso's ghost (13 damage)
             ... on level 8 of the Lair of Beasts.
             The game lasted 01:04:04 (30537 turns).

Gargoyl the Blocker (Demonspawn Abyssal Knight)    Turns: 30537, Time: 01:04:05

Health: -1/124     AC: 19    Str: 27    XL:     14   Next: 50%
Magic:  16/16      EV:  8    Int: 13    God:    Lugonu [*****.]
Gold:   838        SH: 14    Dex: 18    Spells: 0 memorised, 13 levels left

rFire  . . .     SeeInvis .     r - +0 war axe
rCold  . . .     Clarity  .     z - +0 plate armour
rNeg   . . .     SustAt   .     M - +3 shield
rPois  .         Gourm    .     (helmet restricted)
rElec  .         Spirit   .     t - +2 cloak {+Inv}
rCorr  .         Warding  .     q - +2 pair of gloves
rMut   .         Stasis   .     O - +0 pair of boots
MR     +....                    (no amulet)
Stlth  ..........               f - +4 ring of strength
                                j - +3 ring of slaying

@: mighty, agile, flying, very heavily drained, somewhat resistant to hostile
enchantments, extremely unstealthy
A: antennae 1, large bone plates 1, blink, clumsy 1, nightstalker 2, powered by
pain 2, robust 1, strong 1
a: Blink, Depart the Abyss, Bend Space, Banish, Corrupt, Enter the Abyss,
Renounce Religion, Evoke Invisibility


You were on level 8 of the Lair of Beasts.
You worshipped Lugonu.
Lugonu was extremely pleased with you.
You were not hungry.

You visited 2 branches of the dungeon, and saw 18 of its levels.
You visited the Abyss 1 time.
You also visited: Sewer.

You collected 838 gold pieces.

Inventory:

Hand Weapons
 d - a +3 flail of freezing
 p - a +0 blowgun
 r - a +0 war axe (weapon)
Missiles
 s - 55 poisoned needles
 v - 11 tomahawks (quivered)
Armour
 q - a +2 pair of gloves (worn)
 t - a +2 cloak of invisibility (worn)
 z - a +0 plate armour (worn)
 M - a +3 shield (worn)
 O - a +0 pair of boots (worn)
Jewellery
 f - a +4 ring of strength (right hand)
 j - a +3 ring of slaying (left hand)
 y - an uncursed ring of protection from fire
 G - a +3 ring of protection
Wands
 g - a wand of polymorph (12)
 i - a wand of random effects (21)
 w - a wand of frost (26)
 x - a wand of lightning (13)
 B - a wand of fireball (11)
 D - a wand of draining (5)
 E - a wand of digging (4)
 K - a wand of frost (24)
 L - a wand of draining (7)
 P - a wand of fireball (8)
Scrolls
 a - 9 scrolls of remove curse
 b - 2 scrolls of magic mapping
 h - 16 scrolls of identify
 l - 2 scrolls of blinking
 u - a scroll of amnesia
 C - 2 scrolls of teleportation
 I - a scroll of fog
 N - 3 scrolls of fear
 R - a scroll of recharging
 T - a scroll of enchant weapon
Potions
 e - 2 potions of magic
 k - a potion of curing
 n - a potion of might
 o - a potion of resistance
 A - 3 potions of brilliance
Books
 H - a book of Spatial Translocations

   Spells                             Type                      Level
   a - Apportation                    Translocation                1
   b - Blink                          Translocation                2
   c - Shroud of Golubria             Charms/Translocation         2
   d - Portal Projectile              Translocation                3
   e - Teleport Other                 Translocation                3
   f - Passage of Golubria            Translocation                4
 Q - a book of Transfigurations

   Spells                             Type                      Level
   a - Stoneskin                      Transmutation/Earth          2
   b - Irradiate                      Conjuration/Transmutation    5
   c - Statue Form                    Transmutation/Earth          6
   d - Hydra Form                     Transmutation                6
   e - Dragon Form                    Transmutation                7
 V - a book of the Warp

   Spells                             Type                      Level
   a - Recall                         Summoning/Translocation      3
   b - Gell's Gravitas                Hexes/Translocation          3
   c - Force Lance                    Conjuration/Translocation    4
   d - Phase Shift                    Translocation                5
   e - Warp Weapon                    Charms/Translocation         5
   f - Summon Forest                  Summoning/Translocation      5
Comestibles
 c - 2 bread rations
 F - 5 meat rations


   Skills:
 + Level 11.5(0.0) Fighting
 + Level 11.7(0.0) Axes
 + Level 2.1(0.0) Maces & Flails
 + Level 1.2(0.0) Throwing
 + Level 10.6(0.0) Armour
 + Level 4.9(0.0) Dodging
 + Level 5.1(0.0) Stealth
 + Level 12.5(0.0) Shields
 + Level 3.5(0.0) Invocations
 + Level 1.3(0.0) Evocations


You had 13 spell levels left.
You didn't know any spells.

Dungeon Overview and Level Annotations

Branches:
Dungeon (10/15)            Temple (0/1) D:4            Lair (8/8) D:10
 Shoals (0/4) Lair:4       Spider (0/4) Lair:4        Slime (0/6) Lair:7
    Orc: D:9-12

Altars:
Ashenzari
Cheibriados
Dithmenos
Elyvilon
Fedhas
Okawaru
Trog
Xom
Yredelemnul
The Shining One
Jiyva

Shops:
D:8 %

Annotations:
D:8 Maurice
Lair:2 exclusion: oklob plant
Lair:8 Peloso's ghost, journeyman MiFi


Innate Abilities, Weirdness & Mutations

You have a pair of small antennae on your head.
You are partially covered in large bone plates (AC +2, SH +2).
You are significantly more attuned to the shadows.
You sometimes gain power by taking damage.
You are robust (+10% HP).
You can translocate small distances at will.
You are clumsy. (Dex -2)
Your muscles are strong. (Str +2)


Message History

Peloso's ghost is lightly damaged.
Peloso's ghost barely misses you. Peloso's ghost hits you!!
You focus on the pain.
You feel more agile all of a sudden.
You feel drained.
You closely miss Peloso's ghost.
Peloso's ghost is lightly damaged.
Peloso's ghost hits you.
You feel drained.
You miss Peloso's ghost.
Peloso's ghost is lightly damaged.
You block Peloso's ghost's attack. x2
You hit Peloso's ghost.
Peloso's ghost is lightly damaged.
Peloso's ghost hits you!
You feel drained.
You closely miss Peloso's ghost.
Peloso's ghost is lightly damaged.
Peloso's ghost hits you.
You feel drained. Peloso's ghost hits you!!
* * * LOW HITPOINT WARNING * * *
You feel drained.
You die...

≈§.........#
§........P.##
..........#.#
...........##
..........##
.........##
..........#
..........#
.#....@W.##
#########


You could see Peloso's ghost.

Vanquished Creatures
  Harold (Lair:1)
  11 hydras
  Pikel (D:7)
  2 griffons
  A siren (Lair:4)
  8 black mambas
  The ghost of Clownie the Zephyrmancer, a novice TeAE of Vehumet (D:7)
  Joseph (D:8)
  29 elephants
  The ghost of Zing the Skirmisher, a novice DsBe of Trog (D:5)
  15 spiny frogs
  10 komodo dragons
  3 fire drakes
  30 blink frogs
  A polar bear (Lair:6)
  5 slime creatures
  24 yaks
  A wyvern (Lair:2)
  3 basilisks
  11 hippogriffs
  22 wolves
  2 hungry ghosts
  A soldier ant (D:9)
  17 water moccasins
  12 porcupines
  8 spiders (Lair:4)
  3 phantoms
  Purgy (D:3)
  2 orc warriors
  An ice beast (D:9)
  3 sky beasts
  5 ogres
  A black bear (D:8)
  A necrophage (D:9)
  A slave (D:7)
  21 crocodiles
  6 centaurs
  15 giant frogs
  A gnoll sergeant (D:8)
  A big kobold (D:8)
  4 scorpions
  23 killer bees
  14 wights
  7 crimson imps
  A giant frog zombie (D:5)
  A centaur skeleton (D:4)
  4 orc priests
  5 orc wizards
  5 giant frog skeletons
  5 hounds
  6 jellies
  Ijyb (D:3)
  9 iguanas
  17 sheep
  5 worker ants
  A hound skeleton (D:8)
  Robin (D:2)
  22 adders
  7 gnolls
  26 river rats
  4 shadow imps
  9 oozes
  4 adder skeletons
  3 adder zombies
  7 worms
  24 orcs
  6 ball pythons (Sewer)
  9 bats
  26 giant cockroaches
  15 goblins
  10 hobgoblins
  22 jackals
  14 kobolds
  3 quokkas
  18 giant geckos
  2 giant gecko zombies
  19 giant newts
  A jackal skeleton (D:4)
  A quokka zombie (D:5)
  6 rats
  5 fungi
  5 plants
660 creatures vanquished.

Vanquished Creatures (others)
  A freezing wraith (D:9)
  2 slaves (D:7)
  The ghost of Gargoyl the Skirmisher, an amateur DsAK of Lugonu (D:7)
  A wyvern skeleton (D:8)
  A killer bee (D:7)
  A worker ant (D:8)
  A giant gecko zombie (D:7)
  17 fungi
  12 plants
37 creatures vanquished.

Grand Total: 697 creatures vanquished

Notes
Turn   | Place    | Note
--------------------------------------------------------------
     0 | Abyss:1  | Gargoyl the Demonspawn Abyssal Knight began the quest for the Orb.
     0 | Abyss:1  | Reached XP level 1. HP: 18/18 MP: 2/2
   109 | D:1      | Escaped the Abyss
   496 | D:1      | Reached skill level 1 in Dodging
   676 | D:1      | Gained mutation: You are slightly more attuned to the shadows. [demonic ancestry]
   676 | D:1      | Reached XP level 2. HP: 17/24 MP: 4/4
  1339 | D:1      | Reached * piety under Lugonu
  1426 | D:1      | Reached XP level 3. HP: 26/29 MP: 5/5
  1557 | D:2      | Found an iron altar of Okawaru.
  1641 | D:2      | Noticed Robin
  1658 | D:2      | HP: 1/29 [Robin/falchion (3)]
  1660 | D:2      | Killed Robin
  1992 | D:2      | Gained mutation: You are significantly more attuned to the shadows. [demonic ancestry]
  1992 | D:2      | Reached XP level 4. HP: 36/36 MP: 6/6
  2025 | D:2      | Reached ** piety under Lugonu
  2283 | D:2      | Reached skill level 1 in Shields
  2497 | D:2      | Found a basalt altar of Yredelemnul.
  2498 | D:2      | Found a shadowy altar of Dithmenos.
  2805 | D:3      | Noticed Purgy
  2930 | D:3      | Killed Purgy
  2930 | D:3      | Reached skill level 4 in Fighting
  2930 | D:3      | Reached XP level 5. HP: 11/42 MP: 7/7
  3286 | D:3      | Noticed Ijyb
  3301 | D:3      | Killed Ijyb
  3574 | D:4      | Reached XP level 6. HP: 48/48 MP: 8/8
  3605 | D:4      | Noticed Gargoyl's ghost (amateur DsAK)
  3669 | D:4      | Found a glowing drain.
  3679 | D:4      | Reached *** piety under Lugonu
  3694 | Sewer    | Entered a sewer
  4103 | Sewer    | Reached **** piety under Lugonu
  4274 | Sewer    | Reached XP level 7. HP: 42/55 MP: 9/9
  4773 | D:4      | Found a staircase to the Ecumenical Temple.
  4810 | D:4      | Found a glowing golden altar of the Shining One.
  5228 | D:5      | Entered Level 5 of the Dungeon
  5593 | D:5      | Reached skill level 5 in Fighting
  5686 | D:5      | Noticed Zing's ghost (novice DsBe)
  5716 | D:5      | Killed Zing's ghost
  5716 | D:5      | Reached XP level 8. HP: 22/62 MP: 10/10
  5975 | D:5      | Reached ***** piety under Lugonu
  6018 | D:5      | Reached skill level 1 in Stealth
  7019 | D:5      | Found a shimmering altar of Xom.
  7224 | D:6      | Reached skill level 5 in Axes
  7350 | D:6      | Found a white marble altar of Elyvilon.
  7423 | D:6      | Reached skill level 5 in Armour
  7823 | D:6      | Reached skill level 5 in Shields
  8198 | D:6      | Gained mutation: You sometimes gain a little power by taking damage. [demonic ancestry]
  8198 | D:6      | Reached XP level 9. HP: 69/69 MP: 11/11
  8395 | D:7      | Reached skill level 6 in Fighting
  8635 | D:7      | Noticed Pikel
  9200 | D:7      | Killed Pikel
  9209 | D:7      | Found a bloodstained altar of Trog.
  9317 | D:7      | Found a blossoming altar of Fedhas.
  9323 | D:7      | Noticed Clownie's ghost (novice TeAE)
  9440 | D:7      | Killed Gargoyl's ghost
  9457 | D:7      | Killed Clownie's ghost
  9502 | D:7      | Found a shattered altar of Ashenzari.
  9747 | D:7      | Found a snail-covered altar of Cheibriados.
  9800 | D:8      | Gained mutation: You sometimes gain power by taking damage. [demonic ancestry]
  9800 | D:8      | Reached XP level 10. HP: 74/77 MP: 12/12
 10120 | D:8      | Noticed Joseph
 10146 | D:8      | Killed Joseph
 10146 | D:8      | Reached skill level 7 in Fighting
 10146 | D:8      | Reached skill level 1 in Evocations
 10353 | D:8      | Noticed Maurice
 10535 | D:8      | Reached ****** piety under Lugonu
 10646 | D:8      | Found Aggyufiw's Food Shoppe.
 13508 | D:10     | Entered Level 10 of the Dungeon
 13623 | D:10     | Found a blossoming altar of Fedhas.
 13701 | D:10     | Gained mutation: You can translocate small distances at will. [mutagenic meat]
 13702 | D:10     | Gained mutation: You are clumsy. (Dex -2) [mutagenic meat]
 13703 | D:10     | Gained mutation: Your muscles are strong. (Str +2) [mutagenic meat]
 13791 | D:10     | Reached skill level 5 in Stealth
 13919 | D:10     | Gained mutation: You have a pair of small antennae on your head. [demonic ancestry]
 13919 | D:10     | Reached XP level 11. HP: 59/86 MP: 13/13
 13947 | D:10     | Found a staircase to the Lair.
 13951 | D:10     | Reached skill level 8 in Shields
 15561 | D:10     | Noticed a six-headed hydra
 15575 | D:10     | Killed a six-headed hydra
 15841 | Lair:1   | Entered Level 1 of the Lair of Beasts
 15866 | Lair:1   | Noticed Harold
 15883 | Lair:1   | Killed Harold
 16203 | Lair:1   | Reached skill level 1 in Throwing
 16576 | Lair:1   | Reached skill level 9 in Shields
 16912 | Lair:1   | Noticed a seven-headed hydra
 16923 | Lair:1   | Killed a seven-headed hydra
 17379 | Lair:1   | Gained mutation: You are partially covered in large bone plates (AC +2, SH +2). [demonic ancestry]
 17379 | Lair:1   | Reached XP level 12. HP: 92/94 MP: 14/14
 17649 | Lair:2   | Noticed a five-headed hydra
 17659 | Lair:2   | Killed a five-headed hydra
 18078 | Lair:2   | Noticed a six-headed hydra
 18090 | Lair:2   | Killed a six-headed hydra
 18090 | Lair:2   | Reached skill level 1 in Maces & Flails
 18735 | Lair:2   | Noticed a five-headed hydra
 18752 | Lair:2   | Killed a five-headed hydra
 19506 | Lair:3   | Noticed a four-headed hydra
 19517 | Lair:3   | Killed a four-headed hydra
 19517 | Lair:3   | Reached skill level 10 in Shields
 20783 | Lair:3   | You fall through a shaft for 2 floors!
 21341 | Lair:4   | Reached XP level 13. HP: 59/103 MP: 15/15
 21344 | Lair:4   | Reached skill level 10 in Fighting
 21404 | Lair:4   | Reached skill level 10 in Axes
 21776 | Lair:4   | Reached skill level 11 in Shields
 21807 | Lair:4   | Noticed a four-headed hydra
 21820 | Lair:4   | Killed a four-headed hydra
 22430 | Lair:4   | Found a hole to the Spider Nest.
 22587 | Lair:4   | Found a staircase to the Shoals.
 24174 | Lair:5   | Noticed a four-headed hydra
 24195 | Lair:5   | Killed a five-headed hydra
 24559 | Lair:5   | Reached skill level 10 in Armour
 26103 | Lair:6   | Gained mutation: You are robust (+10% HP). [demonic ancestry]
 26103 | Lair:6   | Reached XP level 14. HP: 90/124 MP: 16/16
 26312 | Lair:6   | Reached skill level 12 in Shields
 27154 | Lair:7   | Found a staircase to the Slime Pits.
 27154 | Lair:7   | Found a viscous altar of Jiyva.
 28532 | Lair:8   | Entered Level 8 of the Lair of Beasts
 28759 | Lair:8   | Noticed Peloso's ghost (journeyman MiFi)
 28856 | Lair:8   | HP: 6/124 [Peloso's ghost (5)]
 29991 | Lair:8   | HP: 3/124 [Peloso's ghost (6)]
 30537 | Lair:8   | Slain by Peloso's ghost

Action                   |  1- 3 |  4- 6 |  7- 9 | 10-12 | 13-15 || total
-------------------------+-------+-------+-------+-------+-------++-------
Melee: Hand axe          |   153 |   356 |   278 |       |       ||   787
       War axe           |       |       |   322 |  1052 |   909 ||  2283
       Flail             |       |       |       |   107 |    44 ||   151
 Fire: Blowgun           |       |     2 |       |       |       ||     2
Throw: Tomahawk          |       |       |       |    10 |     5 ||    15
Invok: Depart the Abyss  |     1 |       |       |       |       ||     1
       Banish            |       |       |       |     2 |    12 ||    14
       Bend Space        |       |       |       |     2 |       ||     2
 Abil: Evoke Invisibilit |       |       |    12 |    12 |       ||    24
       Blink             |       |       |       |     1 |       ||     1
Evoke: Wand              |       |       |     2 |       |       ||     2
  Use: Potion            |       |     3 |     4 |    11 |    11 ||    29
       Scroll            |       |     3 |     9 |     7 |     4 ||    23
 Stab: Invisible         |       |       |    25 |    32 |       ||    57
  Eat: Chunk             |     2 |     7 |    16 |    27 |    13 ||    65
       Beef jerky        |     1 |       |       |     8 |     1 ||    10
       Pizza             |       |     1 |     1 |       |     1 ||     3
       Royal jelly       |       |       |     1 |       |       ||     1
       Bread ration      |       |       |     2 |     2 |     4 ||     8
       Fruit             |       |       |       |     3 |     4 ||     7
